 Dungeon Crawl Stone Soup version 0.26-b1-32-g5d43845318 (webtiles) character file.

Game seed: 12264273355527906057

10225 inmateoo the Nimble (level 11, -1/56 HPs)
             Began as a Spriggan Ice Elementalist on Jan 13, 2021.
             Was a Priest of Vehumet.
             Slain by a boulder beetle (22 damage)
             ... on level 12 of the Dungeon.
             The game lasted 00:30:19 (14292 turns).

inmateoo the Nimble (Spriggan Ice Elementalist)    Turns: 14292, Time: 00:30:19

Health: -1/56      AC:  5    Str:  4    XL:     11   Next: 33%
Magic:  0/25       EV: 29    Int: 18    God:    Vehumet [***...]
Gold:   96         SH:  0    Dex: 23    Spells: 17/28 levels left

rFire    + . .     SeeInvis +   G - +5 dagger "Zesounef" {vorpal, rF+ rC+ Int-2}
rCold    + . .     Faith    .   (shield restricted)
rNeg     . . .     Spirit   +   E - +0 troll leather armour
rPois    .         Reflect  .   (helmet restricted)
rElec    .         Harm     .   b - +0 cloak
rCorr    .         Rampage  .   (gloves unavailable)
Will     +....                  (boots unavailable)
Stlth    ++++......             r - amulet of guardian spirit
HPRegen  0.58/turn              n - +4 ring of evasion
MPRegen  0.19/turn              j - +6 ring of dexterity

@: frozen ramparts, studying Maces & Flails, very quick
A: very small, unfitting armour, see invisible, speed 3
a: Renounce Religion


You were on level 12 of the Dungeon.
You worshipped Vehumet.
Vehumet was most pleased with you.
You visited 2 branches of the dungeon, and saw 13 of its levels.
You also visited: Sewer.

You collected 812 gold pieces.
You spent 716 gold pieces at shops.

Inventory:

Hand Weapons
 G - the +5 dagger "Zesounef" (weapon) {vorpal, rF+ rC+ Int-2}
   (You bought it in a shop on level 12 of the Dungeon)

   It inflicts extra damage upon your enemies.
   It affects your intelligence (-2).
   It protects you from fire.
   It protects you from cold.
Missiles
 w - 19 poisoned darts (quivered)
Armour
 b - a +0 cloak (worn)
 E - a +0 troll leather armour (worn)
Jewellery
 a - an uncursed ring of wizardry {unknown}
 j - a +6 ring of dexterity (right hand)
 n - a +4 ring of evasion (left hand)
 r - an amulet of guardian spirit (around neck)
Wands
 q - a wand of iceblast (5)
 x - a wand of enslavement (10)
 y - a wand of digging (5)
 C - a wand of disintegration (18)
Scrolls
 d - 4 scrolls of enchant weapon
 e - 4 scrolls of immolation
 g - 7 scrolls of remove curse
 h - 2 scrolls of blinking
 p - 5 scrolls of teleportation
 u - a scroll of fear
 F - a scroll of fog
 H - a scroll of vulnerability {unknown}
Potions
 f - a potion of resistance
 i - a potion of cancellation
 k - 2 potions of heal wounds
 l - 8 potions of curing
 m - 5 potions of might
 o - 4 potions of lignification
 s - a potion of magic
 t - 2 potions of brilliance {unknown}
 v - a potion of flight {unknown}
 z - a potion of mutation
 A - a potion of haste {unknown}
Books
 c - a manual of Maces & Flails


   Skills:
 + Level 6.0 Fighting
 + Level 2.7 Armour
 + Level 9.9 Dodging
 + Level 8.1 Stealth
 + Level 9.3 Spellcasting
 + Level 5.2 Summonings
 + Level 8.7 Ice Magic


You had 17 spell levels left.
You knew the following spells:

 Your Spells              Type           Power        Failure   Level
a - Freeze                Ice            100%         1%          1
b - Frozen Ramparts       Ice            78%          1%          3
c - Ozocubu's Armour      Ice            39%          1%          3
d - Summon Ice Beast      Ice/Summ       33%          9%          4

Your spell library contained the following spells:

 Spells                   Type           Power        Failure   Level
 Olgreb's Toxic Radiance  Pois           8%           36%         4
 Summon Small Mammal      Summ           100%         1%          1
 Call Imp                 Summ           27%          2%          2
 Ensorcelled Hibernation  Hex/Ice        48%          3%          2
 Call Canine Familiar     Summ           27%          5%          3
 Hailstorm                Conj/Ice       24%          7%          4
 Dazzling Flash           Conj/Hex       16%          12%         3
 Animate Skeleton         Necr           16%          16%         1
 Apportation              Tloc           16%          16%         1
 Corona                   Hex            8%           16%         1
 Summon Guardian Golem    Hex/Summ       17%          16%         3
 Confusing Touch          Hex            8%           41%         3
 Gell's Gravitas          Tloc           4%           41%         3
 Tukima's Dance           Hex            8%           41%         3
 Summon Lightning Spire   Summ/Air       17%          45%         4
 Metabolic Englaciation   Hex/Ice        12%          56%         5
 Yara's Violent Unravell  Hex/Tmut       4%           67%         5
 Petrify                  Tmut/Erth      8%           83%         4


Dungeon Overview and Level Annotations

Branches:
Dungeon (12/15)            Temple (1/1) D:6            Lair (0/6) D:10
    Orc (0/2) D:9           Sewer (visited)

Altars:
Ashenzari
Cheibriados
Dithmenos
Elyvilon
Fedhas
Gozag
Hepliaklqana
Kikubaaqudgha
Makhleb
Okawaru
Qazlal
Ru
Sif Muna
Trog
Uskayaw
Vehumet
Wu Jian
Xom
Yredelemnul
Zin

Shops:
D:5 [   D:12 (

Annotations:
D:10 1 runed translucent door, Borgoz's ghost, journeyman HOGl; Harold
D:11 1 runed translucent door, Tsarbomb's ghost, journeyman DsGl
D:12 1 runed translucent door, Azrael


Innate Abilities, Weirdness & Mutations

You are very small and have problems with some larger weapons.
You are too small for most types of armour.
You have supernaturally acute eyesight. (SInv)
You cover ground extremely quickly.


Message History

Your ice beast hits the boulder beetle.
Your ice beast freezes the boulder beetle!
Casting: Freeze (safe; 1% risk of failure)
Confirm with . or Enter, or press ? or * to list all spells.
Aiming: Freeze (safe; 1% risk of failure)
Press: ? - help, Shift-Dir - straight line, f/p - boulder beetle
Aim: a boulder beetle (severely wounded)
You freeze the boulder beetle.
The boulder beetle is severely wounded.
The wall freezes the boulder beetle!
The boulder beetle bites you!!
Your ice beast hits the boulder beetle but does no damage. x2
Casting: Freeze (safe; 1% risk of failure)
Confirm with . or Enter, or press ? or * to list all spells.
Aiming: Freeze (safe; 1% risk of failure)
Press: ? - help, Shift-Dir - straight line, f/p - boulder beetle
Aim: a boulder beetle (severely wounded)
You freeze the boulder beetle!
The boulder beetle is almost dead.
The wall freezes the boulder beetle.
The boulder beetle bites you!!
You die...

######### ....... ...'....#
#........ ...#....#
#........ ...#....#
#........
#####..###########.......
...##'#......#...#.....#
...#.........#..Y#.....#
<..'....#....'..YB.....#
...######....#..@#.....#
.......#######...#.....#
###....#.........#.....##
..'....#.........#......#
..#....#.........#.B....#
..#....#######'###......#
..#.............."......#
..#.....................# #
..#...............#####...R○


You could see a boulder beetle and 2 friendly ice beasts.

Vanquished Creatures
  A two-headed ogre (D:10)
  An ugly thing (D:12)
  A cyclops (D:12)
  2 trolls
  Sigmund (D:2)
  3 wyverns
  A vampire (D:12)
  A fire elemental (D:12)
  10 yaks
  A basilisk (D:10)
  2 hell hounds (D:12)
  4 orc warriors
  An ice beast (D:5)
  5 sky beasts
  A black bear (D:10)
  A hornet zombie (D:10)
  10 centaurs
  4 ogres
  A big kobold (D:8)
  6 bullfrogs
  A gnoll sergeant (D:7)
  A scorpion (D:10)
  3 wights
  5 killer bees
  2 howler monkeys
  A jelly (D:9)
  10 orc priests
  2 bullfrog skeletons
  7 hounds
  7 orc wizards
  6 iguanas
  6 worker ants
  2 hound skeletons
  A worker ant zombie (D:9)
  Robin (D:2)
  5 gnolls (D:7)
  13 adders
  A river rat (Sewer)
  2 ufetubi
  3 oozes
  An adder zombie (D:8)
  3 worms
  8 leopard geckos
  46 orcs
  6 giant cockroaches
  17 goblins
  9 hobgoblins
  3 jackals (D:6)
  13 kobolds
  7 quokkas
  9 ball pythons
  2 bats (D:1)
  8 frilled lizards
  A quokka skeleton (D:4)
  13 rats
282 creatures vanquished.

Vanquished Creatures (collateral kills)
  Pikel (D:7)
  A gargoyle (D:11)
  A troll (D:10)
  2 ice beasts
  3 phantoms (D:10)
  A lemure (D:7)
  A wyvern zombie (D:10)
  8 killer bees
  3 wights
  A bullfrog zombie (D:10)
  3 bullfrog skeletons
  A howler monkey zombie (D:7)
  A worker ant zombie (D:7)
  A shadow imp (D:7)
  A white imp (D:5)
29 creatures vanquished.

Vanquished Creatures (others)
  A fire elemental (D:12)
  A yak (D:10)
  2 black bears (D:10)
  A howler monkey (D:10)
  A hound (D:10)
  An orc wizard (D:9)
  2 orcs (D:10)
  A fungus (D:10)
10 creatures vanquished.

Grand Total: 321 creatures vanquished

Notes
Turn   | Place    | Note
-------+----------+-------------------------------------------
     0 | D:1      | inmateoo the Spriggan Ice Elementalist began the quest for
                  | the Orb.
     0 | D:1      | Reached XP level 1. HP: 9/9 MP: 5/5
   222 | D:1      | Reached XP level 2. HP: 12/13 MP: 3/6
   605 | D:2      | Noticed Sigmund
   607 | D:2      | Reached XP level 3. HP: 17/17 MP: 4/8
   700 | D:2      | Learned a level 3 spell: Frozen Ramparts
   704 | D:2      | Learned a level 3 spell: Ozocubu's Armour
   729 | D:2      | Found a snail-covered altar of Cheibriados.
   790 | D:2      | Reached skill level 1 in Fighting
  1143 | D:2      | Noticed Robin
  1173 | D:2      | Reached XP level 4. HP: 18/22 MP: 2/10
  1306 | D:2      | Killed Robin
  1924 | D:3      | Found a shimmering blue altar of Sif Muna.
  2018 | D:3      | Found a stormy altar of Qazlal.
  2329 | D:3      | Reached XP level 5. HP: 25/25 MP: 7/11
  2882 | D:3      | Lost strength.
  2957 | D:2      | Killed Sigmund
  2958 | D:2      | Reached skill level 5 in Dodging
  2958 | D:2      | Reached skill level 5 in Stealth
  2958 | D:2      | Reached XP level 6. HP: 30/30 MP: 3/13
  3462 | D:4      | Reached skill level 5 in Spellcasting
  3462 | D:4      | Reached XP level 7. HP: 36/36 MP: 6/15
  3605 | D:4      | Learned a level 4 spell: Summon Ice Beast
  3668 | D:4      | Found a bloodstained altar of Trog.
  3923 | D:4      | Found a bloodstained altar of Trog.
  3955 | D:5      | Entered Level 5 of the Dungeon
  4137 | D:5      | Found a glowing drain.
  4174 | D:5      | Reached skill level 1 in Summonings
  4200 | Sewer    | Entered a sewer
  4773 | D:5      | Found a hide-covered altar of Uskayaw.
  4788 | D:5      | Reached skill level 5 in Ice Magic
  4932 | D:5      | Found Laluim's Armour Boutique.
  5011 | D:5      | Found a sacrificial altar of Ru.
  5528 | D:5      | Reached XP level 8. HP: 42/42 MP: 9/17
  6562 | D:6      | Found a staircase to the Ecumenical Temple.
  7013 | D:7      | Found a blossoming altar of Fedhas.
  7145 | D:7      | Found a white marble altar of Elyvilon.
  7483 | Temple   | Entered the Ecumenical Temple
  7624 | Temple   | Became a worshipper of Vehumet
  7708 | D:7      | Reached XP level 9. HP: 20/46 MP: 1/20
  8218 | D:7      | Noticed Pikel
  8342 | D:7      | Killed Pikel
  8438 | D:7      | Found a basalt altar of Yredelemnul.
  8818 | D:8      | Reached skill level 5 in Fighting
  8957 | D:8      | Reached * piety under Vehumet
  8957 | D:8      | Offered knowledge of Magic Dart by Vehumet.
  9512 | D:8      | Found a shadowy altar of Dithmenos.
  9513 | D:8      | Found a hazy altar of Hepliaklqana.
  9731 | D:9      | Found a staircase to the Orcish Mines.
  9954 | D:9      | Noticed a troll
  9970 | D:9      | Killed a troll
 10113 | D:9      | Found an opulent altar of Gozag.
 10159 | D:9      | Offered knowledge of Shock by Vehumet.
 10268 | D:9      | Reached ** piety under Vehumet
 10269 | D:9      | Reached XP level 10. HP: 51/51 MP: 23/23
 10675 | D:10     | Entered Level 10 of the Dungeon
 10885 | D:10     | Noticed a two-headed ogre
 11458 | D:10     | Killed a two-headed ogre
 11459 | D:10     | Reached skill level 1 in Armour
 11616 | D:10     | Offered knowledge of Mephitic Cloud by Vehumet.
 11648 | D:10     | Found a staircase to the Lair.
 11812 | D:10     | Noticed Borgoz's ghost (journeyman HOGl)
 11819 | D:10     | Found a runed translucent door.
 11949 | D:10     | Reached *** piety under Vehumet
 12070 | D:10     | Noticed Harold
 12074 | D:10     | Found a shimmering altar of Xom.
 12679 | D:11     | Reached XP level 11. HP: 54/56 MP: 6/24
 13058 | D:11     | Found a runed translucent door.
 13058 | D:11     | Noticed Tsarbomb's ghost (journeyman DsGl)
 13123 | D:11     | Offered knowledge of Olgreb's Toxic Radiance by Vehumet.
 13126 | D:11     | Reached skill level 5 in Summonings
 13431 | D:11     | Found a stormy altar of Qazlal.
 13660 | D:12     | Noticed a red ugly thing
 13673 | D:12     | Killed a green ugly thing
 13709 | D:12     | Found a runed translucent door.
 13732 | D:12     | Found Odateod's Weapon Shoppe.
 13735 | D:12     | Bought the +5 dagger "Zesounef" {vorpal, rF+ rC+ Int-2} for
                  | 716 gold pieces
 14106 | D:12     | Noticed a yaktaur captain
 14106 | D:12     | Noticed a yaktaur captain
 14106 | D:12     | Noticed a storm dragon
 14108 | D:12     | Noticed Azrael
 14277 | D:12     | Noticed a boulder beetle
 14292 | D:12     | Slain by a boulder beetle

Illustrated notes

Levels and vault maps discovered:
D:1:      minmay_arrival_semitransparent, layout_rooms
D:2:      layout_rooms, lemuel_doored_altar, feat_on_display, uniq_sigmund,
          uniq_robin
D:3:      layout_basic, led_sif_pool, nicolae_overflow_crystal_walls,
          dk_noncrumbling_4
D:4:      layout_loops_ring, general_overflow_altar, trog_butcher_becter
D:5:      layout_basic, eat_drink_and_be_merry_uskayaw,
          nicolae_ru_path_of_blood, serial_shops,
          nicolae_shop_temple_entry_statues_fountains,
          cheibrodos_sewer_entry_drain
D:6:      layout_layer_cave, minmay_temple_entry_from_below_a,
          minmay_manual_mail
D:7:      layout_basic, overflow_temple_1_default, marbit_many_paths,
          old_standard_altar, uniq_pikel
D:8:      layout_loops_ring, riverfiend_overflow_shadow_ancestor
D:9:      layout_loops_ring, grunt_gozag_statues, orc_0_dummy
D:10:     layout_loops_ring, david_lair_generic, hellmonk_ghost_happy_afterlife,
          xom_confusion_cloud, uniq_harold
D:11:     layout_basic, ebering_ghost_reflecting_pool,
          nicolae_qazlal_eye_of_the_storm
D:12:     layout_gridville, serial_shops, kennysheep_mini_moat, shop,
          minivault_5, kennysheep_treasure_room, uniq_azrael
Temple:   dpeg_chambers_temple

Skill      XL: |  1  2  3  4  5  6  7  8  9 10 11 |
---------------+----------------------------------+-----
Spellcasting   | 3 4 5 6 8 9 |  9.3
Fighting       | 1 2 3 4 5 6 |  6.0
Stealth        | 4 5 7 8 |  8.1
Dodging        | 4 5 7 8 9 |  9.9
Ice Magic      | 4 5 7 8 |  8.7
Summonings     | 1 3 4 5 |  5.2
Armour         | 2 |  2.7

Action                   |  1- 3 |  4- 6 |  7- 9 | 10-12 || total
-------------------------+-------+-------+-------+-------++-------
Melee: Unarmed           |     4 |    12 |   102 |       ||   118
       Whip              |       |       |    72 |   204 ||   276
       Dagger            |       |       |       |    32 ||    32
Throw: Dart              |       |       |    11 |       ||    11
 Cast: Freeze            |    60 |    94 |   246 |   112 ||   512
       Frozen Ramparts   |       |     4 |    21 |    16 ||    41
       Ozocubu's Armour  |       |     2 |     2 |     2 ||     6
       Summon Ice Beast  |       |       |    25 |    27 ||    52
Evoke: Wand              |       |       |     5 |       ||     5
  Use: Scroll            |       |     9 |     8 |     7 ||    24
 Stab: Sleeping          |       |       |     3 |     7 ||    10
       Distracted        |       |       |     2 |     3 ||     5
Armor: Robe              |     7 |     6 |    17 |     3 ||    33
       Troll leather arm |       |       |       |    17 ||    17
Dodge: Dodged            |    35 |    89 |   414 |   361 ||   899
